 Dungeon Crawl Stone Soup version 0.31-a0-222-gefeffbb62a (webtiles) character file.

Game seed: 8136056112431859639

316 qw the Shooter (level 6, -3/37 HPs)
             Began as a Gargoyle Hexslinger on July 4, 2023.
             Killed from afar by Dowan (13 damage)
             ... with a stone arrow
             ... on level 4 of the Dungeon.
             The game lasted 00:01:05 (2581 turns).

qw the Shooter (Gargoyle Hexslinger)                Turns: 2581, Time: 00:01:05

Health: -3/37      AC: 10    Str: 11    XL:     6   Next: 44%
Magic:  7/7        EV: 10    Int: 14    God:
Gold:   103        SH:  0    Dex: 14    Spells: 6/7 levels left

rFire   . . .        Y - +1 sling
rCold   . . .        (no shield)
rNeg    + . .        k - +0 ring mail
rPois   inf          (no helmet)
rElec   +            (no cloak)
rCorr   .            (no gloves)
SInv    .            c - +0 pair of boots
Will    .....        (no amulet)
Stlth   +            (no ring)
HPRegen 0.26/turn    (no ring)
MPRegen 0.10/turn

%: no passive effects
@: lit by a corona, glowing
A: sickness immunity, AC +4, negative energy resistance 1, electricity
resistance, torment resistance 1, petrification resistance
a: no special abilities


You were on level 4 of the Dungeon.
You visited 1 branch of the dungeon, and saw 4 of its levels.

You collected 103 gold pieces.


Innate Abilities, Weirdness & Mutations

You are immune to sickness and miasma.
Your stone body is resilient. (AC +4)
You are immune to poison.
You resist negative energy. (rN+)
You are resistant to electric shocks. (rElec)
You are resistant to unholy torment.
You are immune to petrification.


   Skills:
 - Level 3.2 Fighting
 + Level 5.8 Ranged Weapons
 - Level 1.0 Armour
 - Level 1.5 Dodging
 - Level 1.0 Spellcasting
 - Level 2.6 Hexes


You had 6 spell levels left.
You knew the following spells:

 Your Spells              Type           Power      Damage    Failure   Level
a - Slow                  Hex            32%        N/A       21%         1

Your spell library contained the following spells:

 Spells                   Type           Power      Damage    Failure   Level
 Inner Flame              Hex/Fire       4%         N/A       71%         3
 Portal Projectile        Hex/Tloc       8%         N/A       71%         3
 Cause Fear               Hex            4%         N/A       90%         4

Inventory:

Hand Weapons
 Y - a +1 sling (weapon)
Armour
 c - a +0 pair of boots (worn)
 k - a +0 ring mail (worn)
Scrolls
 a - a scroll of fog {unknown}
 f - 4 scrolls of teleportation
 i - 2 scrolls of identify
Potions
 b - a potion of invisibility {unknown}
 d - a potion of curing {unknown}
 h - a potion of ambrosia {unknown}
 j - a potion of enlightenment {unknown}

Dungeon Overview and Level Annotations

Branches:
Dungeon (4/15)
 Temple: D:4-7

Altars:
Gozag
Vehumet
Yredelemnul

Annotations:
D:2 1 runed translucent door, Crazy Yiuf
D:4 Dowan


Message History

You shoot a sling bullet.
The sling bullet hits Duvessa but does no damage.
Duvessa is almost dead.
Dowan hits you but does no damage. Duvessa hits you with a +0 short sword.
Dowan zaps a wand.
The puff of flame hits you but does no damage.
Duvessa hits you but does no damage.
You shoot a sling bullet. The sling bullet hits Duvessa.
Duvessa is almost dead.
Dowan hits you with a +0 dagger. Duvessa hits you with a +0 short sword.
You shoot a sling bullet. The sling bullet hits Duvessa.
You kill Duvessa!
Dowan screams, "No!
Oh no!"
Dowan seems to find hidden reserves of power!
You hear the brisk rusting of a drain nearby.
Dowan hits you but does no damage. Dowan hits you with a +0 dagger.
You have reached level 6!
You shoot a sling bullet. The sling bullet closely misses Dowan.
Dowan hits you but does no damage.
You shoot a sling bullet. The sling bullet closely misses Dowan.
Dowan hits you but does no damage.
Dowan zaps a wand.
The puff of flame hits you but does no damage.
You shoot a sling bullet. The sling bullet hits Dowan.
Dowan is lightly wounded.
Dowan hits you but does no damage.
You shoot a sling bullet. The sling bullet hits Dowan.
Dowan is moderately wounded.
You feel less wooden.
Your +0 pair of boots unmelds from your body.
Your +0 ring mail unmelds from your body.
Dowan gestures at you while chanting. The stone arrow hits you!
Dowan hits you but does no damage.
You shoot a sling bullet. The sling bullet barely misses Dowan.
Dowan hits you but does no damage. x2
You shoot a sling bullet. The sling bullet hits Dowan.
Dowan is heavily wounded.
Dowan hits you but does no damage. Dowan casts a spell at you.
The stone arrow hits you!
You die...

.. ..### .....# e.# ....#
.... ### ....#
#...##.##...#
#.....@....###
#..###e).#....# #
#...#..### #.......####
########## ####.........
#........# #.#..........
##.)......####...........#
[.................##...#.
##........####........##


You could see Dowan (fast).

Vanquished Creatures
  Duvessa (D:4)
  A scorpion (D:4)
  A centaur zombie (D:4)
  A scorpion zombie (D:4)
  5 adders
  A worm (D:2)
  A dart slug (D:3)
  3 bats
  6 endoplasms
  2 giant cockroaches
  5 goblins
  2 hobgoblins
  2 jackals (D:1)
  8 kobolds
  3 quokkas
  3 ball pythons
  2 frilled lizards (D:2)
  3 rats
50 creatures vanquished.

Notes
Turn   | Place    | Note
-------+----------+-------------------------------------------
     0 | D:1      | qw the Gargoyle Hexslinger began the quest for the Orb.
     0 | D:1      | Reached XP level 1. HP: 12/12 MP: 2/2
     0 | D:1      | 0 ||| qw: Version: 0.3-a-46-gb1f654a
     0 | D:1      | 0 ||| qw: Game counter: 852
     0 | D:1      | 0 ||| qw: Melee chars always use a shield: true
     0 | D:1      | 0 ||| qw: God list: Okawaru
     0 | D:1      | 0 ||| qw: Allow faded altars: false
     0 | D:1      | 0 ||| qw: Do Orc after clearing Dungeon:15 true
     0 | D:1      | 0 ||| qw: Do second Lair branch before Depths: true
     0 | D:1      | 0 ||| qw: Lair rune preference: random
     0 | D:1      | 0 ||| qw: Goals: Normal
     0 | D:1      | 0 ||| PLANNING D:1-11
   139 | D:1      | Noticed a shining eye
   141 | D:1      | Found a faded altar of an unknown god.
   143 | D:1      | 143 ||| READING scroll labelled XONKAWONGO.
   171 | D:1      | Noticed a floating eye
   321 | D:1      | Reached XP level 2. HP: 16/16 MP: 3/3
   738 | D:1      | Noticed an eye of devastation
   742 | D:1      | Noticed a floating eye
   808 | D:1      | Reached skill level 3 in Ranged Weapons
   989 | D:1      | 989 ||| UPGRADING to +0 leather armour.
   999 | D:1      | 999 ||| DROPPING +0 robe.
  1000 | D:1      | 1000 ||| READING scroll labelled DIGREL FOTA.
  1001 | D:1      | 1001 ||| READING scroll labelled MEWKOI ETUPSIN.
  1002 | D:1      | 1002 ||| READING 3 scrolls labelled URUATI RERRUQ.
  1003 | D:1      | 1003 ||| READING scroll labelled PUCWITAFEI.
  1004 | D:1      | 1004 ||| DROPPING scroll of poison.
  1005 | D:1      | 1005 ||| DROPPING 2 scrolls of vulnerability.
  1080 | D:2      | Reached XP level 3. HP: 21/21 MP: 4/4
  1278 | D:2      | 1278 ||| FLEEEEING.
  1279 | D:2      | 1279 ||| FLEEEEING.
  1280 | D:2      | 1280 ||| FLEEEEING.
  1281 | D:2      | 1281 ||| FLEEEEING.
  1282 | D:2      | 1282 ||| FLEEEEING.
  1339 | D:2      | Found a runed translucent door.
  1340 | D:2      | Noticed Crazy Yiuf
  1368 | D:2      | Found a radiant altar of Vehumet.
  1393 | D:2      | Reached skill level 4 in Ranged Weapons
  1393 | D:2      | Reached XP level 4. HP: 15/26 MP: 5/5
  1635 | D:2      | 1635 ||| UPGRADING to +0 pair of boots.
  1640 | D:2      | 1640 ||| UPGRADING to +0 ring mail.
  1650 | D:2      | 1650 ||| DROPPING +0 leather armour.
  1651 | D:2      | 1651 ||| DROPPING ring of wizardry.
  1652 | D:2      | 1652 ||| READING scroll labelled ASCHAI YRIQIC.
  1758 | D:3      | Found an opulent altar of Gozag.
  1885 | D:3      | Reached skill level 1 in Armour
  1982 | D:3      | 1982 ||| READING scroll labelled JYAZ NUITOINEM.
  2282 | D:3      | 2282 ||| READING 2 scrolls of identify.
  2282 | D:3      | 2282 ||| IDENTIFYING smoky golden potion
  2283 | D:3      | 2283 ||| DROPPING potion of degeneration.
  2290 | D:4      | 2290 ||| PLANNING SEWER
  2330 | D:4      | Noticed a scorpion
  2339 | D:4      | Killed a scorpion
  2340 | D:4      | Reached XP level 5. HP: 19/30 MP: 6/6
  2385 | D:4      | Identified the +6 chain mail of Failure {rF+ rN+ Int-2}
  2420 | D:4      | Reached skill level 5 in Ranged Weapons
  2491 | D:4      | Reached skill level 3 in Fighting
  2534 | D:4      | Found a basalt altar of Yredelemnul.
  2551 | D:4      | Noticed Dowan
  2552 | D:4      | Noticed Duvessa
  2553 | D:4      | 2553 ||| Stepping ~*~*~tactically~*~*~ (outnumbered).
  2575 | D:4      | Killed Duvessa
  2576 | D:4      | Reached XP level 6. HP: 27/37 MP: 7/7
  2581 | D:4      | Killed from afar by Dowan

Levels and vault maps discovered:
D:1:      minmay_arrival_glassed_features, layout_basic,
          hellmonk_ecumenical_altar_watching_god, nicolae_hexahallways,
          chequers_decorated_corner, serial_bayou_ford_a
D:2:      layout_basic, basic_altar, grunt_decor_junction,
          uniq_crazy_yiuf_cottage
D:3:      layout_loops_ring, mainiacjoe_overflow_tiny_flanked, serial_glass,
          glass_columns_b, glass_columns_b, glass_columns_b
D:4:      layout_cave_pools, mainiacjoe_overflow_catwalk,
          lemuel_zombie_altar_yredelemnul, trog_three_pillars_becter,
          gup_sewer_entry_spiral, uniq_duvessa

Skill      XL: |  1  2  3  4  5 |
---------------+----------------+-----
Ranged Weapons | 3 4 5 |  5.8
Fighting       | 2 3 |  3.2
Armour         | 1 |  1.0
Dodging        | |  1.5
Spellcasting   | |  1.0
Hexes          | |  2.6

Action                     |  1- 3 |  4- 6 || total
---------------------------+-------+-------++-------
   Fire: Sling             |   144 |   124 ||   268
    Use: Scroll            |     5 |     3 ||     8
 Armour: Robe              |     7 |       ||     7
         Leather armour    |    23 |       ||    23
         Ring mail         |       |    37 ||    37
         Skin              |       |    21 ||    21
  Dodge: Dodged            |    60 |    41 ||   101

Table legend:
 A = Non-vault XP
 B = Vault XP
 C = Vault XP percentage of total XP
 D = Non-vault monster count
 E = Vault monster count
 F = Vault count percentage of total count
                 A         B        C        D         E       F
            +---------+---------+-------+---------+---------+-------
      Total |     226 |     226 |  50.0 |      47 |       3 |   6.0
            +---------+---------+-------+---------+---------+-------
        D:1 |      21 |       0 |   0.0 |      11 |       0 |   0.0
        D:2 |      73 |       0 |   0.0 |      21 |       0 |   0.0
        D:3 |      30 |       0 |   0.0 |      10 |       0 |   0.0
        D:4 |     102 |     226 |  68.9 |       5 |       3 |  37.5
            +---------+---------+-------+---------+---------+-------
